 Dungeon Crawl Stone Soup version 0.28-a0-1447-ga5a8893891 (webtiles) character file.

Game seed: 2241730573942913584

212 ytrimaz the Insei (level 5, -2/33 HPs)
             Began as an Octopode Transmuter on Jan 10, 2022.
             Slain by a gnoll (8 damage)
             ... on level 6 of the Dungeon.
             The game lasted 00:04:07 (3808 turns).

ytrimaz the Insei (Octopode Transmuter)             Turns: 3808, Time: 00:04:08

Health: -2/33      AC:  1    Str:  9    XL:     5   Next: 89%
Magic:  10/10      EV: 13    Int: 23    God:
Gold:   118        SH:  0    Dex: 13    Spells: 5/11 levels left

rFire   . . .      SeeInvis .     - Unarmed
rCold   . . .      Faith    .   (no shield)
rNeg    . . .      Spirit   .   (helmet restricted)
rPois   .          Reflect  .   (no amulet)
rElec   .          Harm     .   j - +6 ring of intelligence
rCorr   .          Rampage  .   (no ring)
Will    .....                   (no ring)
Stlth   ++........              (no ring)
HPRegen 0.11/turn               (no ring)
MPRegen 0.12/turn               (no ring)
                                (no ring)
                                (no ring)

@: lethally poisoned (-2 -> -8)
A: almost no armour, amphibious, 8 rings, camouflage 1, gelatinous body 1,
(nimble swimmer 1), tentacles
a: no special abilities


You were on level 6 of the Dungeon.
You visited 1 branch of the dungeon, and saw 5 of its levels.

You collected 118 gold pieces.

Inventory:

Missiles
 a - 3 throwing nets
Jewellery
 b - a +6 ring of strength
 j - a +6 ring of intelligence (left tentacle)
Potions
 c - a potion of lignification {unknown}
 d - a potion of haste {unknown}
 e - a potion of mutation {unknown}
 f - a potion of curing {unknown}
 g - 2 potions of attraction {unknown}
 h - a potion of brilliance {unknown}
 i - a potion of flight {unknown}


   Skills:
 - Level 1.0 Fighting
 - Level 2.0 Dodging
 + Level 4.1 Unarmed Combat
 * Level 3.6 Spellcasting
 * Level 3.8 Transmutations


You had 5 spell levels left.
You knew the following spells:

 Your Spells              Type           Power      Damage    Failure   Level
a - Beastly Appendage     Tmut           42%        N/A       2%          1
b - Wereblood             Tmut           21%        N/A       3%          2
c - Spider Form           Tmut/Pois      13%        N/A       14%         3

Your spell library contained the following spells:

 Spells                   Type           Power      Damage    Failure   Level
 Poisonous Vapours        Pois/Air       8%         N/A       16%         2
 Blink                    Tloc           8%         N/A       17%         2
 Corpse Rot               Necr/Air       8%         N/A       17%         2
 Ensorcelled Hibernation  Hex/Ice        8%         N/A       17%         2
 Lesser Beckoning         Tloc           4%         N/A       32%         3
 Ice Form                 Ice/Tmut       12%        N/A       45%         4
 Anguish                  Hex/Necr       2%         N/A       73%         4
 Dispel Undead            Necr           4%         3d7       73%         4
 Manifold Assault         Tloc           4%         N/A       97%         5
 Death Channel            Necr           2%         N/A       100%        6


Dungeon Overview and Level Annotations

Branches:
Dungeon (7/15)
 Temple: D:4-7

Altars:

Shops:
D:1 *


Innate Abilities, Weirdness & Mutations

You cannot wear most types of armour.
You are amphibious.
You can wear up to eight rings at the same time.
Your skin changes colour to match your surroundings (Stealth+).
Your rubbery body absorbs attacks. (AC +1, EV +1)
((You are camouflaged when in or above water. (Stealth+)))
You have tentacles for arms and can constrict up to eight enemies at once.


Message History

You bite the gnoll!
The gnoll looks as sick as possible!
The gnoll is severely wounded.
The gnoll hits you with a +0 flail!
* * * LOW HITPOINT WARNING * * *
You hit the gnoll.
You feel a bit better.
You kill the gnoll!
You hiss as the wereblood boils in your veins!
The gnoll closely misses you.
Unknown command.
Your transformation has ended.
The gnoll misses you.
There is an open door here.
There is an open door here.
Your primal bloodlust is almost over.
There is an open door here.
Your primal bloodlust has ended.
You see here a +0 ring mail.
There is a stone staircase leading down here.
You climb downwards.
You hear the roar of battle.
There is an entrance to a bailey on this level.
Hurry and find it before the portal closes forever!
The orc shouts! x3; The orc wizard shouts!
You hear an angry hiss.
The water moccasin hisses angrily.
The jelly quivers.
The orc shouts!
Found a long ivory wand, 14 bolts and 5 gold pieces.
Found a stone staircase leading up.
There is a stone staircase leading up here.
The orc wizard gestures wildly while chanting.
The orc wizard flickers and vanishes!
Deactivating autopickup; reactivate with Ctrl-A.
The orc hits you with a +2 short sword of venom.
You are lethally poisoned!
The orc closely misses you.
You climb upwards.
Reactivating autopickup.
* * * LOW HITPOINT WARNING * * *
You feel very sick. The gnoll hits you with a +0 flail!
You die...

#....#......#########
#....#............... #....#
#.........
########....#######.........
#...........................
#.........:.................
#..............g...##'###+#.
#..........o..[....#..#
########...@########..#
#..og# #...+ #....# #...#
#....# #...# #....+ ###'#
.....########..##
......#.....##...#
.......#.....'....#
#.....#....#


You could see 2 gnolls and 2 orcs.

Vanquished Creatures
  A gnoll shaman (D:6)
  An iguana (D:6)
  7 gnolls
  3 adders
  A worm (D:2)
  A dart slug (D:1)
  An orc (D:2)
  An endoplasm (D:2)
  A giant cockroach (D:1)
  7 goblins
  5 hobgoblins
  6 quokkas
  8 ball pythons
  7 bats
  A frilled lizard (D:2)
  7 kobolds
  5 rats
63 creatures vanquished.

Vanquished Creatures (others)
  A plant (D:2)
1 creature vanquished.

Grand Total: 64 creatures vanquished

Notes
Turn   | Place    | Note
-------+----------+-------------------------------------------
     0 | D:1      | ytrimaz the Octopode Transmuter began the quest for the
                  | Orb.
     0 | D:1      | Reached XP level 1. HP: 13/13 MP: 3/3
   316 | D:1      | Reached XP level 2. HP: 13/18 MP: 3/5
   573 | D:1      | Found Razuvyig's General Store.
   982 | D:1      | Reached XP level 3. HP: 11/23 MP: 4/6
   989 | D:1      | Learned a level 2 spell: Wereblood
   993 | D:1      | Learned a level 3 spell: Spider Form
  1588 | D:1      | Found a faded altar of an unknown god.
  2390 | D:2      | Reached XP level 4. HP: 25/28 MP: 6/8
  3055 | D:3      | HP: 1/42 [gnoll (5)]
  3061 | D:3      | Reached XP level 5. HP: 8/33 MP: 9/9
  3063 | D:3      | Reached skill level 4 in Unarmed Combat
  3558 | D:3      | You fall into a shaft and drop 3 floors!
  3806 | D:7      | Noticed a water moccasin
  3807 | D:7      | Noticed a water moccasin
  3808 | D:6      | Slain by a gnoll

Illustrated notes

Levels and vault maps discovered:
D:1:      minmay_arrival_diagonal_passages, layout_loops_ring,
          hellmonk_ecumenical_altar_leap_of_faith, serial_shops,
          nicolae_shop_waterfront, minmay_pentomino_t4
D:2:      layout_basic, serial_bayou, serial_bayou_pond_a, serial_bayou_pond_b,
          serial_bayou_lagoon_a, serial_bayou_pond_d
D:3:      layout_basic
D:6:      layout_gridville, mainiacjoe_overflow_small_starburst
D:7:      layout_basic, minmay_temple_entry_poolview, enter_bailey_2

Skill      XL: |  1  2  3  4  5 |
---------------+----------------+-----
Spellcasting   | 3 |  3.6
Transmutations | 3 |  3.8
Unarmed Combat | 4 |  4.1
Fighting       | |  1.0
Dodging        | |  2.0

Action                   |  1- 3 |  4- 6 || total
-------------------------+-------+-------++-------
Melee: Unarmed           |    85 |    51 ||   136
       Constrict         |    25 |     6 ||    31
       Kick              |    14 |     3 ||    17
       Tentacles         |     7 |     8 ||    15
       Punch             |     4 |     1 ||     5
 Cast: Beastly Appendage |    23 |     5 ||    28
       Wereblood         |     1 |     2 ||     3
       Spider Form       |       |     2 ||     2
  Use: Scroll            |     1 |     1 ||     2
       Potion            |       |     1 ||     1
 Stab: Sleeping          |    10 |     2 ||    12
Armor: Skin              |     9 |     3 ||    12
Dodge: Dodged            |    54 |    43 ||    97

Table legend: (Time is in decaauts)
 A = Elapsed time spent in this place.
 B = Non-inter-level travel time spent in this place.
 C = Inter-level travel time spent in this place.
 D = Time resting spent in this place.
 E = Time spent auto-exploring this place.
 F = Levels seen in this place.
 G = Mean time per level.
                   A        B        C        D        E       F      G
               +--------+--------+--------+--------+--------+-----+--------+
         Total |   3808 |   3787 |     21 |    397 |   2780 |   5 |  761.6 |
       Dungeon |   3808 |   3787 |     21 |    397 |   2780 |   5 |  761.6 |
               +--------+--------+--------+--------+--------+-----+--------+

Top non-repeatable levels by time:
     D:1: 1750 daAuts
     D:2: 1134 daAuts
     D:3: 674 daAuts
     D:6: 246 daAuts
     D:7: 1 daAuts
